 Dungeon Crawl Stone Soup version 0.20-a0-871-g785f14b (webtiles) character file.

3161 Dfrag the Reanimator (level 9, -3/66 (68) HPs)
             Began as a Deep Dwarf Necromancer on Mar 14, 2017.
             Was an Elder of Makhleb.
             Slain by Erica
             ... wielding a +3 scimitar of flaming
              (12 damage)
             ... on level 9 of the Dungeon.
             The game lasted 00:16:57 (9024 turns).

Dfrag the Reanimator (Deep Dwarf Necromancer)       Turns: 9024, Time: 00:16:57

HP:   -3/66 (68)    AC:  4    Str: 16    XL:     9   Next: 62%
MP:   11/20         EV: 13    Int: 19    God:    Makhleb [****..]
Gold: 392           SH:  0    Dex: 16    Spells: 19/27 levels left

rFire    . . .     SeeInvis .   F - +1 hand axe (pain)
rCold    . . .     Gourm    .   v - +2 robe {Archmagi}
rNeg     . . .     Faith    .   (no shield)
rPois    .         Spirit   .   (no helmet)
rElec    .         Reflect  .   (no cloak)
rCorr    .         Harm     .   (no gloves)
MR       +....                  (no boots)
Stlth    ++........             (no amulet)
Regen    0.0/turn               C - +4 ring of strength
MPRegen  0.2/turn               t - +3 ring of dexterity

@: lethally poisoned (-3 -> -3), non-regenerating
A: damage resistance, heal wounds, talons 1, blink, blurry vision 1, low mp 1,
sense surroundings 2, no regeneration
a: Heal Wounds, Blink, Minor Destruction, Lesser Servant of Makhleb, Major
Destruction, Renounce Religion


You were on level 9 of the Dungeon.
You worshipped Makhleb.
Makhleb was greatly pleased with you.
You were not hungry.

You visited 1 branch of the dungeon, and saw 9 of its levels.
You also visited: Sewer.

You collected 392 gold pieces.

Inventory:

Hand Weapons
 e - a +0 club
 D - a +0 flail
 F - a +1 hand axe of pain (weapon)
 N - a +1 war axe of chopping
Armour
 a - a +0 robe
 j - a +3 leather armour
 v - a +2 robe of the Archmagi (worn)
 w - the +1 leather armour of Uwommeff {rElec}
   (You found it on level 5 of the Dungeon)

   It insulates you from electricity.
Jewellery
 t - a +3 ring of dexterity (left hand)
 C - a +4 ring of strength (right hand)
 J - a cursed +4 ring of intelligence {unknown}
Wands
 u - a wand of flame (22/48)
 E - a wand of polymorph (4/24)
 H - a wand of clouds (0/9)
 P - a wand of iceblast (6/15)
 R - a wand of iceblast (6/15)
Scrolls
 d - 3 scrolls of magic mapping
 g - 8 scrolls of identify
 i - 3 scrolls of fog {unknown}
 l - 3 scrolls of enchant weapon {unknown}
 n - 4 scrolls of amnesia {unknown}
 p - 3 scrolls of remove curse
 q - 2 scrolls of recharging {unknown}
 s - 2 scrolls of teleportation {unknown}
 y - 2 scrolls of blinking {unknown}
 A - a scroll of summoning {unknown}
 G - a scroll of acquirement {unknown}
 I - a scroll of silence {unknown}
 K - 2 scrolls of immolation {unknown}
 Q - a scroll of enchant armour {unknown}
Potions
 h - 2 potions of berserk rage {unknown}
 o - 5 potions of flight {unknown}
 r - a potion of cancellation
 x - 7 potions of curing {unknown}
 z - 7 potions of heal wounds {unknown}
 L - a potion of agility
 M - a potion of magic {unknown}
 O - a potion of might
Books
 b - a book of Necromancy

   Spells                             Type                      Level
   a - Pain                           Necromancy                   1
   b - Animate Skeleton               Necromancy                   1
   c - Vampiric Draining              Necromancy                   3
   d - Regeneration                   Charms/Necromancy            3
   e - Animate Dead                   Necromancy                   4
   f - Control Undead                 Necromancy                   4
 m - a book of Minor Magic

   Spells                             Type                      Level
   a - Magic Dart                     Conjuration                  1
   b - Blink                          Translocation                2
   c - Call Imp                       Summoning                    2
   d - Slow                           Hexes                        2
   e - Conjure Flame                  Conjuration/Fire             3
   f - Mephitic Cloud                 Conjuration/Poison/Air       3
 B - a book of Transfigurations

   Spells                             Type                      Level
   a - Irradiate                      Conjuration/Transmutation    5
   b - Statue Form                    Transmutation/Earth          6
   c - Hydra Form                     Transmutation                6
   d - Dragon Form                    Transmutation                7
Comestibles
 c - 4 bread rations
 f - 6 royal jellies
 k - 6 meat rations


   Skills:
 - Level 2.1 Dodging
 - Level 2.4 Stealth
 * Level 9.5 Spellcasting
 + Level 9.7 Necromancy


You had 19 spell levels left.
You knew the following spells:

 Your Spells              Type           Power        Failure   Level  Hunger
a - Pain                  Necr           ####         1%          1    None
b - Vampiric Draining     Necr           ######....   1%          3    None
c - Control Undead        Necr           ######....   1%          4    ###....


Dungeon Overview and Level Annotations

Branches:
Dungeon (9/15)             Temple (0/1) D:7
   Lair: D:8-11         Orc: D:9-12

Altars:
Ashenzari
Cheibriados
Elyvilon
Fedhas
Gozag
Hepliaklqana
Makhleb
Ru
Sif Muna
Trog
Wu Jian
Xom
Yredelemnul

Annotations:
D:3 Dfrag's ghost, amateur DDNe
D:6 Prince Ribbit
D:9 Erica


Innate Abilities, Weirdness & Mutations

You are resistant to damage.
You can heal yourself by infusing magical energy.
You passively map the area around you.
You do not regenerate.
You have sharp toenails.
You can translocate small distances at will.
Scrolls take you a little longer to read.
Your magical capacity is low. (-10% MP)


Message History

Press: ? - help, Shift-Dir - straight line, f/p - Erica
Aim: Erica, wielding a scimitar of flaming and wearing an embroidered robe (heavily wounded)
You feel a surge of power!
Erica is heavily wounded.
You feel life coursing into your body.
Erica hits you with a scimitar of flaming!
* * * LOW HITPOINT WARNING * * *
Erica burns you.
* * * LOW HITPOINT WARNING * * *
Casting: Vampiric Draining
Confirm with . or Enter, or press ? or * to list all spells.
Aiming: Vampiric Draining
Press: ? - help, Shift-Dir - straight line, f/p - Erica
Aim: Erica, wielding a scimitar of flaming and wearing an embroidered robe (heavily wounded)
You feel a surge of power!
Erica is heavily wounded.
You feel life coursing into your body.
Erica looks angry.
Erica hits you with a scimitar of flaming!
You die...

* * * * * * .# * .#
* * , .# ,,,
*#.####* * *
###....., * *
###########* , ,,
#....@@.## * * ##
#.#####.## .. #.#
##### *,* #.# #....
* #.# #####.... *
###.#######'.#.....
,*
#..........#.......
#...###########....
#.).# ####.


You could see Erica.

Vanquished Creatures
  Grinder (D:3)
  A hippogriff (D:5)
  Sigmund (D:5)
  A water moccasin (D:8)
  An orc warrior (D:8)
  A phantom (D:8)
  A sky beast (D:6)
  2 ice beasts
  A black bear (D:7)
  A necrophage (D:8)
  An ogre (D:8)
  2 centaurs
  A big kobold (D:8)
  5 bullfrogs
  2 scorpions
  A centaur zombie (D:8)
  A crimson imp (D:9)
  2 jellies
  3 bullfrog skeletons
  2 centaur skeletons
  3 hounds
  2 orc priests
  6 orc wizards
  3 iguanas
  2 worker ants
  A hound skeleton (D:4)
  A worker ant zombie (D:8)
  7 gnolls
  14 adders
  6 river rats (Sewer)
  A shadow imp (D:8)
  3 adder skeletons
  2 worms
  7 leopard geckos
  16 orcs
  4 ball pythons (Sewer)
  8 bats
  10 giant cockroaches
  8 goblins
  12 hobgoblins
  6 jackals
  26 kobolds
  3 quokkas
  5 frilled lizards
  A giant cockroach zombie (D:5)
  A jackal skeleton (D:4)
  26 rats
215 creatures vanquished.

Vanquished Creatures (collateral kills)
  An orc priest (D:8)
  An orc (D:8)
  A kobold (D:8)
3 creatures vanquished.

Vanquished Creatures (others)
  2 plants (D:3)
2 creatures vanquished.

Grand Total: 220 creatures vanquished

Notes
Turn   | Place    | Note
-------+----------+-------------------------------------------
     0 | D:1      | Dfrag the Deep Dwarf Necromancer began the quest for the Orb.
     0 | D:1      | Reached XP level 1. HP: 15/15 MP: 3/3
   187 | D:1      | Reached XP level 2. HP: 17/22 MP: 3/5
   600 | D:1      | HP: 1/22 [hobgoblin/club (7)]
   782 | D:2      | Reached XP level 3. HP: 28/28 MP: 0/7
   893 | D:2      | Found a shimmering altar of Xom.
   904 | D:2      | Learned a level 3 spell: Vampiric Draining
  1407 | D:2      | Reached XP level 4. HP: 21/36 MP: 8/8
  1452 | D:2      | Reached skill level 5 in Necromancy
  2062 | D:3      | Noticed Dfrag's ghost (amateur DDNe)
  2325 | D:4      | Reached XP level 5. HP: 26/42 MP: 3/10
  2379 | D:4      | Found a white marble altar of Elyvilon.
  2380 | D:4      | Found a shattered altar of Ashenzari.
  2382 | D:4      | Found a bloodstained altar of Trog.
  2398 | D:4      | Found a sacrificial altar of Ru.
  2414 | D:4      | Found a burning altar of Makhleb.
  2414 | D:4      | Found an ornate altar of the Wu Jian Council.
  2414 | D:4      | Found an opulent altar of Gozag.
  2416 | D:4      | Found a basalt altar of Yredelemnul.
  2417 | D:4      | Found a hazy altar of Hepliaklqana.
  2418 | D:4      | Found a snail-covered altar of Cheibriados.
  2419 | D:4      | Found a deep blue altar of Sif Muna.
  2422 | D:4      | Became a worshipper of Makhleb the Destroyer
  3050 | D:4      | Learned a level 4 spell: Control Undead
  3097 | D:5      | Entered Level 5 of the Dungeon
  3150 | D:5      | Noticed Sigmund
  3164 | D:5      | Killed Sigmund
  3164 | D:5      | Reached XP level 6. HP: 34/49 MP: 2/13
  3225 | D:5      | Got a distressingly furry leather armour
  3249 | D:5      | Identified the cursed +1 leather armour of Uwommeff {rElec} (You found it on level 5 of the Dungeon)
  3251 | D:5      | Found a glowing drain.
  3283 | Sewer    | Entered a sewer
  3454 | Sewer    | Reached * piety under Makhleb
  3925 | Sewer    | Reached ** piety under Makhleb
  3927 | Sewer    | Reached skill level 5 in Spellcasting
  4374 | D:5      | Reached XP level 7. HP: 41/55 MP: 2/14
  5086 | D:5      | Noticed a hippogriff
  5115 | D:5      | Killed a hippogriff
  5554 | D:6      | Reached XP level 8. HP: 54/62 MP: 7/17
  5704 | D:6      | Gained mutation: You can translocate small distances at will. [mutagenic meat]
  5705 | D:6      | Gained mutation: You have sharp toenails. [mutagenic meat]
  5707 | D:6      | Gained mutation: Your magical capacity is low. (-10% MP) [mutagenic meat]
  5709 | D:6      | Gained mutation: Scrolls take you a little longer to read. [mutagenic meat]
  5848 | D:6      | Noticed Prince Ribbit
  6283 | D:7      | Reached *** piety under Makhleb
  6709 | D:7      | Found a blossoming altar of Fedhas.
  7141 | D:7      | Found a staircase to the Ecumenical Temple.
  7463 | D:3      | Noticed Grinder
  7494 | D:3      | Killed Grinder
  7494 | D:3      | Gained mutation: You passively map the area around you. [Deep Dwarf growth]
  7494 | D:3      | Reached XP level 9. HP: 28/68 MP: 19/19
  8561 | D:8      | Reached **** piety under Makhleb
  9012 | D:9      | Noticed Erica
  9024 | D:9      | Slain by Erica

Vault maps used:
D:1:      dpeg_arrival_triangle_fractal
D:2:      old_standard_altar
D:3:      wad_woods_pond, uniq_grinder
D:4:      minitemple, first_bread, wad_floor_pattern_1
D:5:      gup_sewer_entry_pipe, uniq_sigmund
D:6:      hangedman_decor_growths, uniq_prince_ribbit1
D:7:      nicolae_overflow_crystal_walls, minmay_temple_entry_poolview
D:9:      serial_co_window_serial, co_window_of_opportunity_a,
          co_window_corner_a, co_window_corner_a, co_window_cross_1,
          co_window_cross_1, co_window_of_opportunity_a,
          co_window_of_opportunity_a, co_window_paths_a, co_window_paths_a,
          co_window_corner_b, co_window_2corner, co_window_broadway_b,
          co_window_paths_d, glass_columns_a, glass_columns_c, uniq_joseph,
          uniq_erica
Sewer:    sewer_minmay_treatment

Skill      XL: |  1  2  3  4  5  6  7  8  9 |
---------------+----------------------------+-----
Spellcasting   | 2 3 4 5 6 8 9 |  9.5
Necromancy     | 5 6 7 8 9 |  9.7
Dodging        | |  2.1
Stealth        | |  2.4

Action                   |  1- 3 |  4- 6 |  7- 9 || total
-------------------------+-------+-------+-------++-------
Melee: Club              |    39 |    80 |     9 ||   128
       Unarmed           |     5 |       |     2 ||     7
       Flail             |       |       |   125 ||   125
       Kick              |       |       |    43 ||    43
       War axe           |       |       |    63 ||    63
       Hand axe          |       |       |     1 ||     1
 Cast: Pain              |    73 |   134 |   144 ||   351
       Vampiric Draining |       |    20 |    60 ||    80
       Control Undead    |       |     1 |    16 ||    17
 Abil: Heal Wounds       |     1 |     1 |     1 ||     3
Evoke: Wand              |       |       |     4 ||     4
  Use: Scroll            |       |       |     3 ||     3
       Potion            |       |       |     6 ||     6
 Stab: Sleeping          |       |       |     1 ||     1
  Eat: Chunk             |     2 |    11 |    24 ||    37
Armor: Robe              |    10 |       |    61 ||    71
       Leather armour    |     1 |    63 |     1 ||    65
Dodge: Dodged            |    56 |    90 |   220 ||   366
